 Dungeon Crawl Stone Soup version 0.21-a0-634-gaf8bc5d (webtiles) character file.

647024 theanonym the Slayer (level 27, -1/471 HPs)
             Began as an Ogre Transmuter on Dec 29, 2017.
             Was the Champion of Makhleb.
             Slain by a Killer Klown (13 damage)
             ... on level 3 of the Realm of Zot.
             The game lasted 04:59:30 (85745 turns).

theanonym the Slayer (Ogre Transmuter)             Turns: 85745, Time: 04:59:31

Health: -1/471     AC: 16    Str: 32      XL:     27
Magic:  20/41      EV: 13    Int: 25 (28) God:    Makhleb [******]
Gold:   5458       SH:  0    Dex: 10      Spells: 0/55 levels left

rFire    + + +     SeeInvis +     - Unarmed
rCold    . . .     Gourm    .   (shield currently unavailable)
rNeg     . . .     Faith    .   (armour currently unavailable)
rPois    +         Spirit   .   (helmet currently unavailable)
rElec    .         Reflect  .   (cloak currently unavailable)
rCorr    .         Harm     .   (gloves unavailable)
MR       ++...                  (boots unavailable)
Stlth    +++.......             I - amulet of Zam Roisemn {Regen+ Int+5 Dex-4 SInv Stlth+}
HPRegen  1.28/turn              j - ring of protection from cold {rC+}
MPRegen  0.27/turn              k - ring of protection from fire {rF+}

@: agile, dragon-form, flying, deflect missiles
A: giant, unfitting armour, deterioration 1
}: 3/15 runes: barnacled, silver, gossamer
a: End Transformation, Minor Destruction, Lesser Servant of Makhleb, Major
Destruction, Greater Servant of Makhleb, Renounce Religion, Breathe Fire


Innate Abilities, Weirdness & Mutations

You are too large for most types of armour.
((You have tough skin. (AC +1)))
Your body sometimes deteriorates upon taking damage.


   Skills:
 - Level 25.0 Fighting
 - Level 7.7 Dodging
 - Level 9.0 Shields
 + Level 23.2 Unarmed Combat
 - Level 14.6 Spellcasting
 - Level 12.0 Hexes
 - Level 10.0 Charms
 - Level 5.3 Summonings
 - Level 5.0 Necromancy
 - Level 5.0 Translocations
 - Level 19.1 Transmutations
 - Level 11.0 Ice Magic
 + Level 14.2 Air Magic
 - Level 7.0 Earth Magic
   Level 5.0 Poison Magic
 - Level 4.0 Invocations


You couldn't memorise any spells.
You knew the following spells:

 Your Spells              Type           Power        Failure   Level  Hunger
a - Tornado               Air            ######....   99%         9    #######
b - Statue Form           Tmut/Erth      ######...    2%          6    ####...
c - Dragon Form           Tmut           #######...   1%          7    ######.
d - Passwall              Tmut/Erth      ######....   1%          2    None
e - Lesser Beckoning      Tloc           #####.....   1%          3    None
f - Cause Fear            Hex            ######....   1%          4    None
g - Ozocubu's Armour      Chrm/Ice       ######..     1%          3    None
i - Invisibility          Hex            ######..     3%          6    ####...
q - Apportation           Tloc           #####.       1%          1    None
r - Regeneration          Chrm/Necr      ######....   1%          3    None
t - Deflect Missiles      Chrm/Air       ######....   3%          6    ####...
x - Aura of Abjuration    Summ           #####.....   10%         5    ##.....

Skill      XL: |  1  2  3  4  5  6  7  8  9 10 11 12 13 14 15 16 17 18 19 20 21 22 23 24 25 26 27 |
---------------+----------------------------------------------------------------------------------+-----
Unarmed Combat | 3 4 6 8 10 11 12 14 15 16 17 18 19 20 21 23 | 23.2
Transmutations | 2 3 4 5 7 8 9 10 11 13 14 15 16 17 18 19 | 19.1
Fighting       | 2 3 4 5 6 8 9 11 12 13 15 16 17 18 19 20 21 22 23 24 25 | 25.0
Poison Magic   | 1 2 3 4 5 |  5.0
Spellcasting   | 3 4 5 6 8 10 11 12 13 14 | 14.6
Ice Magic      | 2 6 7 10 11 | 11.0
Dodging        | 3 5 6 7 |  7.7
Hexes          | 2 4 5 12 | 12.0
Invocations    | 4 |  4.0
Charms         | 2 5 6 7 10 | 10.0
Necromancy     | 5 |  5.0
Air Magic      | 5 7 10 14 | 14.2
Earth Magic    | 5 7 |  7.0
Shields        | 6 9 |  9.0
Translocations | 5 |  5.0
Summonings     | 5 |  5.3

Action                   |  1- 3 |  4- 6 |  7- 9 | 10-12 | 13-15 | 16-18 | 19-21 | 22-24 | 25-27 || total
-------------------------+-------+-------+-------+-------+-------+-------+-------+-------+-------++-------
Melee: Unarmed           |   163 |   184 |   488 |   784 |  1400 |  1311 |   945 |  1113 |   953 ||  7341
       Headbutt          |     4 |       |       |       |       |       |       |       |       ||     4
       Punch             |     2 |     1 |     6 |    14 |     9 |    12 |    63 |    96 |   112 ||   315
       Kick              |     2 |       |       |       |       |       |       |       |       ||     2
       Staff             |       |       |       |    18 |     9 |    22 |    19 |    12 |    14 ||    94
       Tailslap          |       |       |       |       |       |    14 |    86 |   131 |   142 ||   373
       Bite              |       |       |       |       |       |    11 |    73 |    92 |   110 ||   286
 Cast: Beastly Appendage |     7 |       |       |       |       |       |       |     1 |       ||     8
       Spider Form       |       |    12 |    18 |    44 |    59 |    35 |       |       |       ||   168
       Ice Form          |       |       |     3 |     7 |    42 |    55 |     9 |       |       ||   116
       Sticks to Snakes  |       |       |       |    15 |     3 |       |       |       |       ||    18
       Ozocubu's Armour  |       |       |       |     1 |    37 |    39 |    22 |    17 |     5 ||   121
       Cause Fear        |       |       |       |       |    10 |     3 |     3 |     3 |     2 ||    21
       Hydra Form        |       |       |       |       |       |    22 |       |       |       ||    22
       Regeneration      |       |       |       |       |       |    20 |    23 |    26 |    16 ||    85
       Dragon Form       |       |       |       |       |       |    10 |    56 |    53 |    49 ||   168
       Alistair's Intoxi |       |       |       |       |       |       |     6 |       |       ||     6
       Deflect Missiles  |       |       |       |       |       |       |    14 |    10 |    13 ||    37
       Statue Form       |       |       |       |       |       |       |     1 |     9 |       ||    10
       Lesser Beckoning  |       |       |       |       |       |       |       |       |    13 ||    13
       Passwall          |       |       |       |       |       |       |       |       |     4 ||     4
       Invisibility      |       |       |       |       |       |       |       |       |     5 ||     5
       Aura of Abjuratio |       |       |       |       |       |       |       |       |     3 ||     3
Invok: Lesser Servant of |       |       |       |       |       |     1 |       |     3 |       ||     4
 Abil: End Transformatio |       |       |       |       |     1 |     5 |     2 |     4 |     1 ||    13
       Breathe Fire      |       |       |       |       |       |    10 |    17 |    10 |    10 ||    47
Evoke: Lamp of fire      |       |       |       |       |     2 |     1 |       |       |     1 ||     4
       Wand              |       |       |       |       |       |     6 |       |     3 |     4 ||    13
       Fan of gales      |       |       |       |       |       |       |       |       |     1 ||     1
  Use: Scroll            |       |     3 |     5 |    12 |    11 |    26 |     9 |    24 |    13 ||   103
       Potion            |       |       |       |     2 |     6 |    14 |     4 |     3 |     7 ||    36
 Stab: Distracted        |       |     1 |       |     2 |       |       |       |     2 |     2 ||     7
       Sleeping          |       |       |     1 |       |       |     2 |       |       |     1 ||     4
       Petrified         |       |       |       |       |     3 |       |       |       |       ||     3
       Confused          |       |       |       |       |     2 |       |     1 |       |       ||     3
       Fleeing           |       |       |       |       |     1 |       |       |       |       ||     1
       Held in net/web   |       |       |       |       |       |     1 |       |       |       ||     1
       Invisible         |       |       |       |       |       |       |     1 |       |     9 ||    10
  Eat: Chunk             |     5 |     5 |    14 |    29 |    33 |    34 |    85 |    31 |    29 ||   265
       Ration            |       |     1 |     2 |     3 |     8 |    13 |       |     9 |     8 ||    44
Armor: Robe              |    43 |    28 |    97 |    99 |    75 |    27 |     4 |    14 |     2 ||   389
       Skin              |       |     3 |    18 |    75 |   373 |   712 |   559 |   704 |   432 ||  2876
Dodge: Dodged            |   100 |   122 |   319 |   642 |  1303 |   979 |   346 |   551 |   367 ||  4729
       Deflected         |       |       |       |       |       |       |    63 |    75 |    99 ||   237
Block: Other             |       |       |       |       |       |       |     2 |       |       ||     2
       Shield            |       |       |       |       |       |       |       |   130 |    15 ||   145
       Reflection        |       |       |       |       |       |       |       |     1 |     5 ||     6

Inventory:

Missiles
 x - 16 throwing nets (quivered)
 G - 144 large rocks
Armour
 g - a +5 shield of reflection (melded) {Donald}
   (You took it off Donald on level 1 of the Elven Halls)
 s - a scarf of cloud immunity (melded)
   (You found it on level 4 of the Vaults)
 T - the +4 robe of Augmentation (melded) {Str+4 Int+4 Dex+4, 0}
   (You bought it in a shop on level 2 of the Orcish Mines)

   It affects your strength (+4).
   It affects your intelligence (+4).
   It affects your dexterity (+4).
 Y - a +2 hat (melded)
   (You found it on level 4 of the Spider Nest)
Magical Staves
 a - an uncursed staff of earth
   (You found it on level 1 of the Lair of Beasts)
 Q - an uncursed staff of power (melded) {MP+17}
   (You found it on level 3 of the Shoals)
Jewellery
 j - a ring of protection from cold (left foreclaw) {rC+}
   (You acquired it on level 1 of the Crypt)
 k - a ring of protection from fire (right foreclaw) {rF+}
   (You found it on level 3 of the Vaults)
 I - the amulet of Zam Roisemn (around neck) {Regen+ Int+5 Dex-4 SInv Stlth+}
   (You acquired it on level 1 of the Realm of Zot)

   [amulet of regeneration]

   It affects your intelligence (+5).
   It affects your dexterity (-4).
   It lets you see invisible.
   It increases your rate of regeneration.
   It makes you more stealthy.
 P - the ring of Teari {rPois rN+ SInv Stlth+}
   (You found it in a treasure trove)

   [ring of stealth]

   It protects you from poison.
   It protects you from negative energy.
   It lets you see invisible.
   It makes you more stealthy.
Wands
 c - a wand of clouds (7)
   (You found it on level 2 of the Shoals)
 d - a wand of digging (58)
   (You found it on level 3 of the Spider Nest)
 o - a wand of disintegration (23)
   (You found it on level 4 of the Depths)
 v - a wand of acid (35)
   (You found it in a labyrinth)
Scrolls
 b - 4 scrolls of blinking
 f - 5 scrolls of fog
 i - 6 scrolls of enchant armour
 m - 24 scrolls of remove curse
 r - 3 scrolls of identify
 t - 19 scrolls of teleportation {!r}
 y - 11 scrolls of magic mapping
 D - 12 scrolls of fear
 J - 5 scrolls of immolation
 O - a scroll of summoning
 W - 7 scrolls of silence
Potions
 h - 6 potions of agility
 n - 3 potions of might
 p - 3 potions of flight
 q - 9 potions of heal wounds
 u - 2 potions of mutation
 w - 14 potions of curing
 B - 3 potions of invisibility
 C - 7 potions of magic
 E - 10 potions of ambrosia
 F - 3 potions of berserk rage
 H - 2 potions of haste
 M - 2 potions of cancellation
 N - 4 potions of resistance {rF+ rC+}
 Z - 8 potions of brilliance
Miscellaneous
 A - a lamp of fire
   (You found it on level 1 of the Lair of Beasts)
 L - a fan of gales
   (You found it on level 3 of the Crypt)
 V - 2 phantom mirrors
Comestibles
 e - 64 rations


You were on level 3 of the Realm of Zot.
You worshipped Makhleb.
Makhleb was exalted by your worship.
You were not hungry.
You were a fearsome dragon!
You visited 11 branches of the dungeon, and saw 51 of its levels.
You visited 1 bazaar.
You also visited: Labyrinth, Trove and Ice Cave.

You collected 8820 gold pieces.
You spent 3362 gold pieces at shops.

Dungeon Overview and Level Annotations

Branches:
Dungeon (15/15)            Temple (1/1) D:7            Lair (6/6) D:10
 Shoals (4/4) Lair:2       Spider (4/4) Lair:3        Slime (0/5) Lair:5
    Orc (2/2) D:9             Elf (3/3) Orc:2        Vaults (5/5) D:13
  Crypt (3/3) Vaults:2       Tomb (0/3) Crypt:3      Depths (5/5) D:15
    Zot (3/5) Depths:5

Altars:
Ashenzari
Cheibriados
Dithmenos
Elyvilon
Fedhas
Gozag
Hepliaklqana
Kikubaaqudgha
Makhleb
Nemelex Xobeh
Okawaru
Qazlal
Ru
Sif Muna
Trog
Uskayaw
Vehumet
Wu Jian
Xom
Yredelemnul
Zin
The Shining One
Jiyva

Shops:
D:15 [*?   Orc:2 :([[   Elf:1 (?(   Vaults:1 (*}   Vaults:2 !   Depths:2 }}
Depths:5 (=

Portals:
Hell: Depths:1 Depths:2 Depths:3 Depths:4 Depths:5
Abyss: Depths:4
Pandemonium: Depths:3
Ziggurat: Depths:2

Annotations:
D:14 2 runed doors
Lair:4 exclusion: oklob plant
Shoals:1 exclusion: Roxanne, Roxanne
Elf:2 1 runed door
Zot:3 1 transporter


Message History

The storm dragon bites you!
* * * LOW HITPOINT WARNING * * *
The storm dragon closely misses you. x2
You take 39 damage, and have 101/471 hp.
You now have 22/41 mp.
Unknown command.
Unknown command.
Unknown command.
The Killer Klown resists with almost no effort.
The red draconian looks frightened!
The storm dragon looks frightened!
The orange crystal statue is unaffected.
The tentacled monstrosity is unaffected.
The red draconian shudders.
You feel very sick.
The Killer Klown pulls ten torches off its hat and starts juggling.
The Killer Klown misses you. The yellow draconian barely misses you.
The Killer Klown blinks!
You take 5 damage, and have 96/471 hp.
You now have 18/41 mp.
You feel better.
The red draconian shudders.
The yellow draconian hits you with a battleaxe!!
* * * LOW HITPOINT WARNING * * *
The orange crystal statue fixes its piercing gaze on you.
You feel dopey. Something feeds on your intellect!
The Killer Klown blinks!
You take 11 damage, and have 85/471 hp.
You completely miss the tentacled monstrosity.
The yellow draconian annihilator roars!
Your tail-slap misses the tentacled monstrosity.
Your bite misses the tentacled monstrosity.
The red draconian shudders.
Your aura of abjuration expires.
You hear a roar!
The tentacled monstrosity closely misses you.
The tentacled monstrosity tentacle-slaps you but does no damage. x2
The tentacled monstrosity closely misses you.
The yellow draconian completely misses you.
The orange crystal statue glitters.
You resist with almost no effort.
You maul the tentacled monstrosity!!!!
You claw the tentacled monstrosity!
Your bite misses the tentacled monstrosity.
The Killer Klown blinks!
You completely miss the tentacled monstrosity.
The yellow draconian barely misses you.
The tentacled monstrosity closely misses you. x2
The tentacled monstrosity tentacle-slaps you but does no damage.
The tentacled monstrosity grabs you.
* * * LOW HITPOINT WARNING * * *
The tentacled monstrosity constricts you.
The orange crystal statue glitters.
You resist with almost no effort.
You take 1 damage, and have 85/471 hp.
You maul the tentacled monstrosity!!!!
You kill the tentacled monstrosity!
Makhleb accepts your kill.
Your life force feels restored.
The yellow draconian hits you with a battleaxe!!
* * * LOW HITPOINT WARNING * * *
You take 22 damage, and have 63/471 hp.
You maul the orange crystal statue!!!
You destroy the orange crystal statue!
Makhleb accepts your kill.
The red draconian dissolves into shadows!
The Killer Klown strangle-hugs you!
* * * LOW HITPOINT WARNING * * *
You take 17 damage, and have 46/471 hp.
You feel much better.
The storm dragon seems to regain its courage.
The yellow draconian misses you.
The storm dragon breathes lightning at you.
The bolt of lightning misses you. The Killer Klown headlocks you!
* * * LOW HITPOINT WARNING * * *
You writhe in agony.
* * * LOW HITPOINT WARNING * * *
You regained 12 hp, and now have 58/471 hp.
You hit the yellow draconian but do no damage.
Your tail-slap misses the yellow draconian.
Your bite misses the yellow draconian.
The yellow draconian hits you with a battleaxe!!
* * * LOW HITPOINT WARNING * * *
The Killer Klown defenestrates you!
* * * LOW HITPOINT WARNING * * *
You are splashed with acid!
The acid burns!
* * * LOW HITPOINT WARNING * * *
You take 37 damage, and have 21/471 hp.
You feel much better.
The yellow draconian completely misses you.
The storm dragon breathes lightning at you.
You deflect the bolt of lightning! The bolt of lightning hits you!
* * * LOW HITPOINT WARNING * * *
The Killer Klown barely misses you.
You take 9 damage, and have 12/471 hp.
Okay, then.
Here: a Killer Klown (moderately wounded)
The floor, spattered with blood.
Unknown command.
You feel much better.
The yellow draconian hits you with a battleaxe!!
* * * LOW HITPOINT WARNING * * *
The Killer Klown headlocks you!
You die...

##### #.# #.
##...##### #.#
#.
#####........##
#.# #.
##.....©.......#
#.# #.
#..#########...#
#.# #.
#.##8.....8##..#
#.# #.
#.#....†.$..#..#
#.####.
#.#.##d©D##.#..#
#...##. #.#.
#.Dp##.#..#
#...###
#.#.........#..#
#...# #
#.#.##...##.#..#
#...### #.#
#...##.#.d#
#...... #.
$[$=$..#..#
#.....§ #
8$"©=)8##..#
#.....§
#########...#
#...#.≈
....©.....#.#
#.....≈
#...#####.#
#.....≈


You could see a Killer Klown, a storm dragon, a yellow draconian (berserk) and a
green draconian.

Notes
Turn   | Place    | Note
-------+----------+-------------------------------------------
     0 | D:1      | theanonym the Ogre Transmuter began the quest for the Orb.
     0 | D:1      | Reached XP level 1. HP: 19/19 MP: 3/3
    84 | D:1      | HP: 8/19 [hobgoblin/club (4)]
   555 | D:1      | HP: 9/20 [leopard gecko (5)]
   556 | D:1      | Reached skill level 3 in Unarmed Combat
   556 | D:1      | Reached skill level 2 in Transmutations
   556 | D:1      | Reached XP level 2. HP: 12/28 MP: 3/5
   729 | D:1      | Learned a level 2 spell: Sticks to Snakes
   872 | D:1      | Reached skill level 2 in Fighting
  1144 | D:1      | HP: 13/28 [goblin/club (2)]
  1343 | D:1      | Reached XP level 3. HP: 31/35 MP: 6/6
  1777 | D:2      | HP: 14/35 [adder (5)]
  1788 | D:2      | Learned a level 3 spell: Spider Form
  1994 | D:2      | Found a glowing golden altar of the Shining One.
  2152 | D:2      | Found a faded altar of an unknown god.
  2177 | D:2      | Found a radiant altar of Vehumet.
  2371 | D:2      | Reached XP level 4. HP: 33/44 MP: 7/7
  2462 | D:2      | Found an iron altar of Okawaru.
  2570 | D:2      | HP: 17/44 [gnoll/spear (10)]
  2984 | D:2      | Reached skill level 3 in Fighting
  3048 | D:2      | Reached XP level 5. HP: 48/53 MP: 4/8
  3053 | D:2      | Reached skill level 4 in Unarmed Combat
  3053 | D:2      | Reached skill level 1 in Poison Magic
  3063 | D:2      | HP: 25/53 [ooze (3)]
  3075 | D:2      | HP: 22/53 [ooze (1)]
  3116 | D:1      | HP: 18/53 [acid (4)]
  3483 | D:2      | Reached skill level 3 in Transmutations
  3483 | D:2      | Reached XP level 6. HP: 56/61 MP: 5/9
  4012 | D:3      | Noticed a phantom
  4064 | D:3      | Killed a phantom
  4064 | D:3      | Reached skill level 4 in Fighting
  4189 | D:3      | Reached skill level 2 in Poison Magic
  4340 | D:3      | Noticed Ijyb
  4353 | D:3      | Killed Ijyb
  4538 | D:3      | Reached XP level 7. HP: 65/71 MP: 10/10
  4931 | D:3      | Learned a level 4 spell: Ice Form
  5074 | D:3      | Reached skill level 5 in Unarmed Combat
  5368 | D:4      | HP: 35/71 [poisoned by a scorpion]
  5370 | D:4      | Reached skill level 3 in Spellcasting
  5373 | D:4      | HP: 28/71 [poisoned by a scorpion]
  5378 | D:4      | HP: 24/71 [poisoned by a scorpion]
  5383 | D:4      | HP: 21/71 [poisoned by a scorpion]
  5388 | D:4      | HP: 19/71 [poisoned by a scorpion]
  5393 | D:4      | HP: 18/71 [poisoned by a scorpion]
  5400 | D:4      | HP: 18/71 [poisoned by a scorpion]
  5408 | D:4      | HP: 18/71 [poisoned by a scorpion]
  5772 | D:4      | Noticed soepske's ghost (novice GnVM)
  6134 | D:4      | Found a sparkling altar of Nemelex Xobeh.
  6143 | D:4      | Killed soepske's ghost
  6143 | D:4      | Reached skill level 5 in Fighting
  6143 | D:4      | Reached skill level 6 in Unarmed Combat
  6143 | D:4      | Reached skill level 4 in Transmutations
  6143 | D:4      | Reached skill level 3 in Poison Magic
  6143 | D:4      | Reached XP level 8. HP: 81/81 MP: 7/12
  6472 | D:4      | Found a snail-covered altar of Cheibriados.
  6521 | D:4      | Found a runed door.
  6591 | D:4      | Noticed Crazy Yiuf
  6595 | D:4      | Killed Crazy Yiuf
  6680 | D:5      | Entered Level 5 of the Dungeon
  6859 | D:5      | Reached skill level 1 in Ice Magic
  6932 | D:5      | Found a hide-covered altar of Uskayaw.
  7034 | D:5      | Reached skill level 6 in Fighting
  7357 | D:5      | Found a sparkling altar of Nemelex Xobeh.
  7389 | D:5      | Found an ornate altar of the Wu Jian Council.
  7745 | D:6      | Reached skill level 2 in Ice Magic
  7849 | D:6      | Reached XP level 9. HP: 92/92 MP: 9/13
  7855 | D:6      | Reached skill level 7 in Unarmed Combat
  7856 | D:6      | HP: 41/92 [orc priest/divine providence (16)]
  7879 | D:6      | HP: 45/92 [orc/club (2)]
  8468 | D:6      | Reached skill level 5 in Transmutations
  8781 | D:6      | Reached skill level 7 in Fighting
 10023 | D:7      | Reached skill level 4 in Poison Magic
 10142 | D:7      | Found a shattered altar of Ashenzari.
 10154 | D:7      | Noticed theanonym's ghost (novice OgTm)
 10167 | D:7      | HP: 48/111 [theanonym's ghost (10)]
 10169 | D:7      | Killed theanonym's ghost
 10169 | D:7      | Reached skill level 8 in Fighting
 10169 | D:7      | Reached skill level 8 in Unarmed Combat
 10169 | D:7      | Reached XP level 10. HP: 46/104 MP: 10/14
 10571 | D:7      | Found a staircase to the Ecumenical Temple.
 10577 | Temple   | Entered the Ecumenical Temple
 10584 | Temple   | Became a worshipper of Makhleb the Destroyer
 10876 | D:7      | Reached skill level 6 in Transmutations
 11238 | D:8      | Reached skill level 9 in Unarmed Combat
 11247 | D:8      | Reached * piety under Makhleb
 11422 | D:8      | HP: 49/106 [orc priest/divine providence (11)]
 11785 | D:8      | Found a blossoming altar of Fedhas.
 11844 | D:8      | Noticed sithsevirus's ghost (novice GnWn)
 11878 | D:8      | Killed sithsevirus's ghost
 11878 | D:8      | Reached skill level 9 in Fighting
 12105 | D:8      | Found a shadowy altar of Dithmenos.
 12493 | D:9      | Noticed a two-headed ogre
 12500 | D:9      | HP: 64/128 [two-headed ogre/giant spiked club (21)]
 12502 | D:9      | Killed a two-headed ogre
 12502 | D:9      | Reached skill level 10 in Unarmed Combat
 12502 | D:9      | Reached skill level 7 in Transmutations
 12764 | D:9      | Reached XP level 11. HP: 117/117 MP: 7/15
 12804 | D:9      | Found a staircase to the Orcish Mines.
 12887 | D:9      | Reached skill level 10 in Fighting
 12926 | D:9      | Reached ** piety under Makhleb
 13289 | Orc:1    | Entered Level 1 of the Orcish Mines
 13417 | Orc:1    | Noticed an orc knight
 13430 | Orc:1    | HP: 55/118 [orc knight/great mace of crushing (9)]
 13434 | Orc:1    | HP: 26/118 [orc knight/great mace of crushing (30)]
 13435 | Orc:1    | Killed an orc knight
 13435 | Orc:1    | Reached skill level 4 in Spellcasting
 13866 | Orc:2    | Entered Level 2 of the Orcish Mines
 14037 | Orc:2    | Reached skill level 2 in Dodging
 14340 | D:10     | Entered Level 10 of the Dungeon
 14562 | D:10     | Reached *** piety under Makhleb
 14759 | D:10     | Noticed a two-headed ogre
 14767 | D:10     | HP: 52/119 [two-headed ogre/giant spiked club (25)]
 14770 | D:10     | Killed a two-headed ogre
 14772 | D:10     | HP: 28/119 [killer bee (6)]
 14783 | D:10     | HP: 21/119 [orc/tomahawk (4)]
 15129 | D:10     | Reached skill level 11 in Unarmed Combat
 15208 | D:10     | HP: 57/119 [killer bee (6)]
 15213 | D:10     | HP: 56/119 [poisoned by a killer bee]
 15219 | D:10     | HP: 54/119 [poisoned by a killer bee]
 15225 | D:10     | HP: 52/119 [poisoned by a killer bee]
 15233 | D:10     | HP: 53/119 [poisoned by a killer bee]
 15241 | D:10     | HP: 53/119 [poisoned by a killer bee]
 15501 | D:10     | Reached skill level 3 in Dodging
 15586 | D:10     | Noticed a two-headed ogre
 15592 | D:10     | Killed a two-headed ogre
 15592 | D:10     | Reached skill level 11 in Fighting
 15654 | D:10     | Noticed a two-headed ogre
 15668 | D:10     | Killed a two-headed ogre
 15668 | D:10     | Reached skill level 8 in Transmutations
 15861 | D:10     | Noticed a two-headed ogre
 15874 | D:10     | Noticed Erica
 15883 | D:10     | Killed a two-headed ogre
 15958 | D:10     | Noticed Sonja
 15963 | D:10     | Killed Erica
 15963 | D:10     | Reached XP level 12. HP: 93/130 MP: 15/18
 15968 | D:10     | HP: 63/130 [asphyx]
 15973 | D:10     | HP: 39/130 [poisoned by Sonja (curare-tipped needle)]
 15976 | D:10     | Reached skill level 4 in Dodging
 15977 | D:10     | Killed Sonja
 15978 | D:10     | HP: 34/130 [poisoned by Sonja (curare-tipped needle)]
 15983 | D:10     | HP: 25/130 [poisoned by Sonja (curare-tipped needle)]
 15988 | D:10     | HP: 21/130 [poisoned by Sonja (curare-tipped needle)]
 15994 | D:10     | HP: 24/130 [poisoned by Sonja (curare-tipped needle)]
 15999 | D:10     | HP: 24/130 [poisoned by Sonja (curare-tipped needle)]
 16006 | D:10     | HP: 24/130 [poisoned by Sonja (curare-tipped needle)]
 16014 | D:10     | HP: 24/130 [poisoned by Sonja (curare-tipped needle)]
 17129 | D:10     | Found a staircase to the Lair.
 17140 | D:10     | Learned a level 4 spell: Cause Fear
 17307 | Lair:1   | Entered Level 1 of the Lair of Beasts
 17318 | Lair:1   | Found a labyrinth entrance.
 17335 | Lab      | Entered a labyrinth
 17404 | Lab      | Noticed a minotaur
 17411 | Lab      | HP: 63/130 [minotaur (6)]
 17413 | Lab      | Killed a minotaur
 17419 | Lab      | Identified Sif Muna's Incunabulum of Flight
 17660 | Lair:1   | Reached skill level 1 in Hexes
 17726 | Lair:1   | Reached skill level 12 in Unarmed Combat
 17759 | Lair:1   | Reached **** piety under Makhleb
 17765 | Lair:1   | HP: 64/131 [komodo dragon (20)]
 17768 | Lair:1   | Reached skill level 5 in Poison Magic
 17794 | Lair:1   | HP: 62/132 [black mamba (13)]
 18443 | Lair:1   | HP: 64/132 [komodo dragon (5)]
 18444 | Lair:1   | Reached skill level 12 in Fighting
 18444 | Lair:1   | Reached skill level 2 in Hexes
 18636 | Lair:1   | Learned a level 3 spell: Ozocubu's Armour
 18806 | Lair:1   | Noticed Nergalle
 18828 | Lair:1   | Killed Nergalle
 18828 | Lair:1   | Reached skill level 5 in Dodging
 19598 | Lair:2   | Noticed Fannar
 19608 | Lair:2   | Killed Fannar
 19608 | Lair:2   | Reached skill level 5 in Spellcasting
 19893 | Lair:2   | Found a staircase to the Shoals.
 20259 | Lair:2   | Reached XP level 13. HP: 123/141 MP: 17/20
 20702 | Lair:3   | Found a frozen archway.
 20711 | Lair:3   | Reached skill level 3 in Ice Magic
 20758 | IceCv    | Entered an ice cave
 20880 | IceCv    | HP: 65/141 [freezing wraith (9)]
 20897 | IceCv    | HP: 79/169 [freezing wraith (8)]
 20899 | IceCv    | Reached skill level 13 in Unarmed Combat
 20901 | IceCv    | Reached ***** piety under Makhleb
 21157 | IceCv    | HP: 78/169 [freezing wraith (11)]
 21159 | IceCv    | Reached skill level 1 in Invocations
 21425 | IceCv    | Found an ancient bone altar of Kikubaaqudgha.
 21545 | IceCv    | Reached skill level 13 in Fighting
 21653 | IceCv    | Reached skill level 2 in Invocations
 22006 | Lair:3   | HP: 69/144 [killer bee (7)]
 22011 | Lair:3   | HP: 57/144 [poisoned by a killer bee]
 22016 | Lair:3   | HP: 51/144 [poisoned by a killer bee]
 22021 | Lair:3   | HP: 46/144 [poisoned by a killer bee]
 22026 | Lair:3   | HP: 44/144 [poisoned by a killer bee]
 22031 | Lair:3   | HP: 43/144 [poisoned by a killer bee]
 22037 | Lair:3   | HP: 50/144 [poisoned by a killer bee]
 22044 | Lair:3   | HP: 35/144 [wolf (5)]
 22046 | Lair:3   | HP: 13/144 [crocodile (13)]
 22055 | Lair:3   | HP: 24/144 [poisoned by a killer bee]
 22418 | Lair:3   | Reached skill level 4 in Ice Magic
 22903 | Lair:3   | Reached skill level 3 in Invocations
 23223 | Lair:3   | Reached skill level 5 in Ice Magic
 24747 | Lair:4   | Reached skill level 4 in Invocations
 25672 | Lair:5   | Found a viscous altar of Jiyva.
 25672 | Lair:5   | Found a staircase to the Slime Pits.
 25826 | Lair:5   | Identified a scroll of acquirement
 25827 | Lair:5   | Got a steaming shield
 25901 | Lair:5   | HP: 67/145 [lindwurm (15)]
 25903 | Lair:5   | Reached skill level 6 in Ice Magic
 25908 | Lair:5   | HP: 103/217 [lindwurm (9)]
 25910 | Lair:5   | Reached ****** piety under Makhleb
 25915 | Lair:5   | HP: 107/217 [lindwurm (6)]
 25919 | Lair:5   | Reached skill level 14 in Unarmed Combat
 25919 | Lair:5   | Reached XP level 14. HP: 127/154 MP: 21/21
 26107 | Lair:6   | Entered Level 6 of the Lair of Beasts
 26121 | Lair:6   | Reached skill level 6 in Dodging
 26184 | Lair:6   | HP: 77/154 [catoblepas/blast of calcifying dust (5)]
 26206 | Lair:6   | Found a dark tunnel.
 26343 | Lair:6   | Reached skill level 14 in Fighting
 26395 | Lair:6   | Reached skill level 7 in Ice Magic
 26959 | Lair:5   | HP: 78/156 [dream sheep (8)]
 26962 | Lair:5   | HP: 37/156 [dream sheep (9)]
 26967 | Lair:4   | HP: 33/156 [poisoned by a spiny frog]
 26973 | Lair:4   | HP: 31/156 [poisoned by a spiny frog]
 26980 | Lair:4   | HP: 31/156 [poisoned by a spiny frog]
 26987 | Lair:4   | HP: 31/156 [poisoned by a spiny frog]
 26995 | Lair:4   | HP: 32/156 [poisoned by a spiny frog]
 27533 | Lair:6   | HP: 75/157 [komodo dragon (24)]
 27538 | Lair:6   | HP: 61/157 [poisoned by a water moccasin]
 27545 | Lair:6   | HP: 78/157 [poisoned by a water moccasin]
 27550 | Lair:6   | HP: 76/157 [poisoned by a water moccasin]
 27557 | Lair:6   | HP: 75/157 [poisoned by a water moccasin]
 27564 | Lair:6   | HP: 76/157 [poisoned by a water moccasin]
 27572 | Lair:6   | HP: 77/157 [poisoned by a water moccasin]
 28018 | Lair:6   | Reached skill level 3 in Hexes
 28464 | Lair:6   | HP: 82/188 [seven-headed hydra (13)]
 28476 | Lair:6   | Reached skill level 15 in Unarmed Combat
 28599 | Lair:6   | Reached skill level 4 in Hexes
 28613 | Lair:6   | Reached skill level 15 in Fighting
 28626 | Lair:6   | Reached skill level 9 in Transmutations
 28626 | Lair:6   | Reached XP level 15. HP: 128/167 MP: 18/22
 29300 | Lair:6   | HP: 83/167 [fire dragon (18)]
 29301 | Lair:6   | Reached skill level 8 in Ice Magic
 29305 | Lair:6   | HP: 69/167 [swamp drake (12)]
 29948 | D:11     | Found a hazy altar of Hepliaklqana.
 29949 | D:11     | Noticed Maurice
 29968 | D:11     | Killed Maurice
 29992 | D:11     | Noticed Grum
 30007 | D:11     | Killed Grum
 31070 | D:11     | Noticed Dustman's ghost (journeyman HuGl)
 31090 | D:11     | Killed Dustman's ghost
 31554 | Orc:2    | Reached skill level 9 in Ice Magic
 31627 | Orc:2    | Found a staircase to the Elven Halls.
 31647 | Orc:2    | HP: 98/202 [orc warrior/morningstar[an orc knight] (18)]
 32026 | Orc:2    | Reached skill level 1 in Charms
 32174 | Orc:2    | Reached skill level 2 in Charms
 32185 | Orc:2    | Reached skill level 10 in Transmutations
 32239 | Orc:2    | Reached skill level 16 in Fighting
 32702 | Orc:2    | Found Kematrie's Antique Armour Shoppe.
 32728 | Orc:2    | Found Zauxtum's Book Emporium.
 32733 | Orc:2    | Found Foizaeg's Armour Shop.
 32761 | Orc:2    | Bought the +4 robe of Augmentation {Str+4 Int+4 Dex+4} for 1375 gold pieces
 32761 | Orc:2    | Found the +4 robe of Augmentation {Str+4 Int+4 Dex+4, 0}
 32792 | Orc:2    | Found Ocokuuro's Antique Weapon Shoppe.
 32927 | Orc:1    | HP: 88/204 [orc warrior/trident (20)]
 32933 | Orc:2    | HP: 40/204 [orc warrior/halberd (20)]
 32934 | Orc:2    | HP: 7/204 [orc warrior/halberd (33)]
 33973 | Orc:1    | Reached skill level 10 in Ice Magic
 34536 | D:12     | Reached XP level 16. HP: 179/179 MP: 17/24
 34777 | D:12     | Learned a level 2 spell: Passwall
 35142 | D:12     | Reached skill level 6 in Spellcasting
 35770 | D:13     | Reached skill level 5 in Hexes
 36606 | D:13     | Reached skill level 7 in Dodging
 36655 | D:13     | Found a gate to the Vaults.
 37214 | Lair:3   | Found a hole to the Spider Nest.
 37302 | Spider:1 | Entered Level 1 of the Spider Nest
 37340 | Spider:1 | HP: 102/216 [disintegration (17)]
 37347 | Spider:1 | HP: 101/216 [poisoned by a redback]
 37352 | Spider:1 | HP: 100/216 [poisoned by a redback]
 37360 | Spider:1 | HP: 102/216 [poisoned by a redback]
 37631 | Spider:1 | Reached skill level 11 in Ice Magic
 37652 | Spider:1 | HP: 104/216 [meliai/divine providence (11)]
 37657 | Spider:1 | HP: 84/216 [poisoned by a killer bee]
 37662 | Spider:1 | HP: 53/216 [meliai/divine providence (17)]
 37667 | Spider:1 | HP: 38/216 [meliai/war axe (2)]
 37674 | Spider:1 | HP: 65/216 [poisoned by a killer bee]
 37680 | Spider:1 | HP: 66/216 [poisoned by a killer bee]
 37688 | Spider:1 | HP: 67/216 [poisoned by a killer bee]
 38433 | Spider:2 | Noticed Jorgrun
 38456 | Spider:2 | Killed Jorgrun
 38559 | Spider:2 | Reached skill level 16 in Unarmed Combat
 38618 | Spider:2 | HP: 85/182 [poisoned by a ghost moth]
 38669 | Spider:2 | HP: 44/182 [disintegration (27)]
 38675 | Spider:2 | HP: 15/182 [disintegration (40)]
 38873 | Spider:2 | HP: 88/182 [something (9)]
 38883 | Spider:2 | HP: 71/218 [redback (7)]
 38888 | Spider:2 | HP: 57/218 [poisoned by a redback]
 38893 | Spider:2 | HP: 64/218 [poisoned by a redback]
 38898 | Spider:2 | HP: 65/218 [poisoned by a redback]
 38903 | Spider:2 | HP: 69/218 [poisoned by a redback]
 38908 | Spider:2 | HP: 66/218 [poisoned by a redback]
 38913 | Spider:2 | HP: 64/218 [poisoned by a redback]
 38918 | Spider:2 | HP: 63/218 [poisoned by a redback]
 38923 | Spider:2 | HP: 63/218 [poisoned by a redback]
 38930 | Spider:2 | HP: 65/218 [poisoned by a redback]
 38938 | Spider:2 | HP: 55/182 [poisoned by a redback]
 39404 | Shoals:1 | Entered Level 1 of the Shoals
 39660 | Shoals:1 | Noticed a kraken
 39773 | Shoals:1 | Noticed Kirke
 39796 | Shoals:1 | HP: 106/218 [harpy[Kirke] (17)]
 39801 | Shoals:1 | HP: 70/218 [harpy[Kirke] (10)]
 39811 | Shoals:1 | HP: 27/218 [water elemental (19)]
 40157 | Shoals:1 | Reached skill level 17 in Fighting
 40381 | Shoals:1 | Noticed a sphinx
 40385 | Shoals:1 | Killed Kirke
 40445 | Shoals:1 | HP: 101/219 [merfolk impaler/trident of distortion (14)]
 40455 | Shoals:1 | HP: 74/219 [merfolk/tomahawk (8)]
 40461 | Shoals:1 | HP: 64/219 [merfolk/tomahawk (3)]
 40467 | Shoals:1 | HP: 58/219 [merfolk/trident (9)]
 40891 | Shoals:1 | Noticed Roxanne
 41067 | Shoals:2 | HP: 98/219 [merfolk/trident (17)]
 41072 | Shoals:2 | HP: 70/219 [manticore (5)]
 41077 | Shoals:2 | HP: 35/219 [merfolk/trident (14)]
 41568 | Shoals:2 | HP: 107/219 [faun/stone (17)]
 41569 | Shoals:2 | HP: 49/219 [merfolk/trident (13)]
 41576 | Shoals:2 | HP: 42/219 [merfolk/tomahawk (9)]
 41609 | Shoals:1 | HP: 61/219 [merfolk impaler/trident of distortion (13)]
 41989 | Lair:2   | Learned a level 6 spell: Hydra Form
 42184 | Spider:2 | Reached skill level 11 in Transmutations
 42423 | Spider:2 | Reached XP level 17. HP: 173/191 MP: 12/26
 42635 | Spider:2 | HP: 88/191 [spark wasp (15)]
 42638 | Spider:2 | HP: 39/191 [spark wasp/living lightning (19)]
 43516 | Spider:3 | HP: 123/248 [poisoned by a redback]
 43521 | Spider:3 | HP: 120/248 [demonic crawler (5)]
 43526 | Spider:3 | HP: 78/191 [poisoned by a redback]
 43531 | Spider:3 | HP: 73/191 [poisoned by a redback]
 43533 | Spider:3 | Reached skill level 12 in Transmutations
 43536 | Spider:3 | HP: 80/191 [poisoned by a redback]
 43541 | Spider:3 | HP: 79/191 [poisoned by a redback]
 43547 | Spider:3 | HP: 78/191 [poisoned by a redback]
 43552 | Spider:3 | HP: 78/191 [poisoned by a redback]
 43560 | Spider:3 | HP: 80/191 [poisoned by a redback]
 44125 | Orc:2    | Bought a book of Battle for 640 gold pieces
 44129 | Orc:2    | Learned a level 3 spell: Regeneration
 44469 | Spider:3 | HP: 124/248 [poisoned by a redback]
 44474 | Spider:3 | HP: 104/248 [poisoned by a redback]
 44479 | Spider:3 | HP: 87/248 [poisoned by a redback]
 44480 | Spider:3 | Reached skill level 1 in Necromancy
 44484 | Spider:3 | HP: 60/191 [poisoned by a redback]
 44489 | Spider:3 | HP: 56/191 [poisoned by a redback]
 44494 | Spider:3 | HP: 55/191 [poisoned by a redback]
 44499 | Spider:3 | HP: 57/191 [poisoned by a redback]
 44504 | Spider:3 | HP: 62/191 [poisoned by a redback]
 44511 | Spider:3 | HP: 61/191 [poisoned by a redback]
 44518 | Spider:3 | HP: 62/191 [poisoned by a redback]
 44526 | Spider:3 | HP: 64/191 [poisoned by a redback]
 44940 | Spider:3 | Reached skill level 3 in Charms
 44960 | Spider:3 | Reached skill level 2 in Necromancy
 45001 | Spider:3 | Paralysed by a hornet for 2 turns
 45148 | Spider:3 | HP: 123/248 [emperor scorpion (11)]
 45153 | Spider:3 | HP: 100/248 [poisoned by a redback]
 45154 | Spider:3 | Reached skill level 3 in Necromancy
 45158 | Spider:3 | HP: 97/248 [poisoned by a redback]
 45163 | Spider:3 | HP: 98/248 [poisoned by a redback]
 45168 | Spider:3 | HP: 94/248 [poisoned by a redback]
 45173 | Spider:3 | HP: 93/248 [poisoned by a redback]
 45178 | Spider:3 | HP: 92/248 [poisoned by a redback]
 45183 | Spider:3 | HP: 93/248 [poisoned by a redback]
 45190 | Spider:3 | HP: 94/248 [poisoned by a redback]
 45195 | Spider:3 | HP: 110/248 [poisoned by a redback]
 45608 | Spider:3 | Reached skill level 4 in Charms
 46303 | Spider:4 | Entered Level 4 of the Spider Nest
 46444 | Spider:4 | HP: 119/248 [tarantella (7)]
 46447 | Spider:4 | Reached skill level 4 in Necromancy
 46449 | Spider:4 | HP: 90/248 [emperor scorpion (15)]
 46457 | Spider:4 | HP: 90/248 [disintegration (19)]
 46778 | Spider:4 | Reached skill level 5 in Charms
 47081 | Spider:4 | HP: 123/248 [something (9)]
 47082 | Spider:4 | Reached skill level 5 in Necromancy
 47085 | Spider:4 | HP: 51/191 [emperor scorpion (13)]
 47090 | Spider:4 | HP: 36/191 [poisoned by an emperor scorpion]
 47095 | Spider:4 | HP: 33/191 [poisoned by an emperor scorpion]
 47101 | Spider:4 | HP: 31/191 [poisoned by an emperor scorpion]
 47107 | Spider:4 | HP: 31/191 [poisoned by an emperor scorpion]
 47113 | Spider:4 | HP: 31/191 [poisoned by an emperor scorpion]
 47120 | Spider:4 | HP: 32/191 [poisoned by an emperor scorpion]
 47567 | Spider:4 | Reached skill level 13 in Transmutations
 47738 | Spider:4 | HP: 123/248 [emperor scorpion (7)]
 47739 | Spider:4 | Reached XP level 18. HP: 148/201 MP: 11/27
 47748 | Spider:4 | HP: 130/261 [poisoned by an emperor scorpion]
 47753 | Spider:4 | HP: 124/261 [poisoned by an emperor scorpion]
 47758 | Spider:4 | HP: 121/261 [poisoned by an emperor scorpion]
 47763 | Spider:4 | HP: 119/261 [poisoned by an emperor scorpion]
 47769 | Spider:4 | HP: 91/201 [poisoned by an emperor scorpion]
 47774 | Spider:4 | HP: 91/201 [poisoned by an emperor scorpion]
 47781 | Spider:4 | HP: 92/201 [poisoned by an emperor scorpion]
 47789 | Spider:4 | HP: 94/201 [poisoned by an emperor scorpion]
 48248 | Spider:4 | Got a gossamer rune of Zot
 48875 | D:14     | Found a runed door.
 48889 | D:14     | Found a runed door.
 48897 | D:14     | Found a runed door.
 48929 | D:14     | HP: 84/261 [??? (81)]
 48940 | D:14     | HP: 88/241 [two-headed ogre/giant spiked club (2)]
 49475 | D:14     | Found a glowing silver altar of Zin.
 49687 | D:14     | Reached skill level 7 in Spellcasting
 49888 | D:14     | Learned a level 7 spell: Dragon Form
 50122 | D:15     | Entered Level 15 of the Dungeon
 50185 | D:15     | Reached skill level 8 in Spellcasting
 50203 | D:15     | Reached skill level 17 in Unarmed Combat
 50253 | D:15     | Found Xeneuh Nogoa's Magic Scroll Shop.
 50387 | D:15     | Bought a scroll of amnesia for 38 gold pieces
 50446 | D:15     | Found Cupt's Armour Boutique.
 50460 | D:15     | Found Uteiff's General Store.
 50497 | D:15     | Found a flickering gateway to a bazaar.
 50505 | Bazaar   | Entered a bazaar
 50505 | Bazaar   | Found Bihoiluf's Magic Scroll Boutique.
 50505 | Bazaar   | Found Piesid's Weapon Shop.
 50505 | Bazaar   | Found Texzi's Weapon Shop.
 50505 | Bazaar   | Found Poblyeta's Gadget Boutique.
 50546 | Bazaar   | Bought a scroll of teleportation for 33 gold pieces
 50546 | Bazaar   | Bought a scroll of blinking for 82 gold pieces
 50555 | Bazaar   | Bought a scroll of identify for 22 gold pieces
 50555 | Bazaar   | Bought a scroll of identify for 22 gold pieces
 50555 | Bazaar   | Bought a scroll of identify for 22 gold pieces
 50555 | Bazaar   | Bought a scroll of fog for 22 gold pieces
 50555 | Bazaar   | Bought a scroll of immolation for 38 gold pieces
 50555 | Bazaar   | Bought a scroll of immolation for 38 gold pieces
 50831 | D:15     | Found a shadowy altar of Dithmenos.
 50945 | D:15     | Found a staircase to the Depths.
 51524 | Elf:1    | Entered Level 1 of the Elven Halls
 51660 | Elf:1    | Found Ceorafurr's Weapon Emporium.
 51665 | Elf:1    | Found Ytuil's Magic Scroll Shoppe.
 51669 | Elf:1    | Found Kanun's Antique Weapon Emporium.
 51713 | Elf:1    | Bought a scroll of blinking for 127 gold pieces
 51713 | Elf:1    | Bought a scroll of teleportation for 51 gold pieces
 51713 | Elf:1    | Bought a scroll of teleportation for 51 gold pieces
 51713 | Elf:1    | Bought a scroll of teleportation for 51 gold pieces
 52071 | Elf:1    | Noticed Donald
 52082 | Elf:1    | Killed Donald
 52486 | Elf:2    | Reached skill level 14 in Transmutations
 52512 | Elf:2    | Reached XP level 19. HP: 210/210 MP: 29/31
 52579 | Elf:2    | Found a portal to a secret trove of treasure.
 52855 | Elf:2    | Reached skill level 18 in Unarmed Combat
 52861 | Elf:2    | HP: 158/316 [deep elf annihilator/poison arrow[a deep elf high priest] (11)]
 53133 | Elf:2    | Reached skill level 18 in Fighting
 53240 | Elf:2    | Found a runed door.
 53262 | Elf:2    | Found a runed door.
 53812 | Elf:2    | Reached skill level 9 in Spellcasting
 55123 | Shoals:2 | Learned a level 5 spell: Alistair's Intoxication
 55436 | Shoals:3 | HP: 146/319 [merfolk/halberd of chopping (14)]
 55438 | Shoals:3 | HP: 69/319 [merfolk/spear (8)]
 55443 | Shoals:2 | HP: 45/319 [poisoned by a merfolk impaler]
 55449 | Shoals:2 | HP: 50/319 [poisoned by a merfolk impaler]
 55465 | Shoals:2 | HP: 71/319 [merfolk impaler/trident (5)]
 55471 | Shoals:2 | Reached skill level 10 in Spellcasting
 55742 | Vaults:1 | Entered Level 1 of the Vaults
 55742 | Vaults:1 | Found Elu Ojua's Antique Weapon Shoppe.
 55863 | Vaults:1 | Found Seshufau's Gadget Shop.
 56236 | Vaults:1 | Reached XP level 20. HP: 223/223 MP: 30/34
 56237 | Vaults:1 | Reached skill level 11 in Spellcasting
 56270 | Vaults:1 | Learned a level 6 spell: Deflect Missiles
 56512 | Vaults:1 | Reached skill level 1 in Air Magic
 56659 | Vaults:1 | Reached skill level 2 in Air Magic
 57063 | Vaults:1 | Reached skill level 3 in Air Magic
 57167 | Vaults:1 | Reached skill level 4 in Air Magic
 57443 | Vaults:1 | Reached skill level 6 in Charms
 57714 | Vaults:1 | Found Vahiotac's General Store.
 57722 | Vaults:1 | Bought a scroll of immolation for 59 gold pieces
 57722 | Vaults:1 | Bought a scroll of summoning for 161 gold pieces
 57906 | Vaults:2 | Reached skill level 5 in Air Magic
 58042 | Vaults:2 | HP: 163/334 [something (6)]
 58045 | Vaults:2 | HP: 79/334 [orc knight/dire flail of protection (14)]
 58045 | Vaults:2 | HP: 38/334 [orc knight/enchanted dire flail (28)]
 58057 | Vaults:2 | HP: 85/334 [orc/dagger[an orc knight] (2)]
 58064 | Vaults:2 | HP: 87/334 [two-headed ogre/dire flail of holy wrath (4)]
 58103 | Vaults:2 | HP: 101/334 [yaktaur captain/bolt (11)]
 58110 | Vaults:2 | Reached skill level 19 in Fighting
 58114 | Vaults:2 | HP: 146/339 [yaktaur[a yaktaur captain] (5)]
 58438 | Vaults:2 | Reached skill level 15 in Transmutations
 59189 | Vaults:2 | Found Citin's Distillery.
 59195 | Vaults:2 | Bought a potion of curing for 48 gold pieces
 59195 | Vaults:2 | Bought a potion of curing for 48 gold pieces
 59195 | Vaults:2 | Bought a potion of curing for 48 gold pieces
 59195 | Vaults:2 | Bought a potion of heal wounds for 80 gold pieces
 59195 | Vaults:2 | Bought a potion of heal wounds for 80 gold pieces
 59195 | Vaults:2 | Bought a potion of magic for 128 gold pieces
 59195 | Vaults:2 | Bought a potion of agility for 64 gold pieces
 59287 | Vaults:2 | Found a staircase to the Crypt.
 59849 | Vaults:3 | Reached XP level 21. HP: 235/235 MP: 23/36
 59875 | Vaults:3 | Reached skill level 19 in Unarmed Combat
 60329 | Vaults:3 | Noticed Frederick
 60336 | Vaults:3 | Killed Frederick
 60336 | Vaults:3 | Reached skill level 20 in Fighting
 60649 | D:15     | Learned a level 6 spell: Statue Form
 60966 | Vaults:3 | Reached skill level 1 in Earth Magic
 61283 | Vaults:3 | Reached skill level 2 in Earth Magic
 61509 | Vaults:4 | Reached skill level 3 in Earth Magic
 61582 | Vaults:4 | Reached skill level 4 in Earth Magic
 61977 | Vaults:4 | Reached skill level 5 in Earth Magic
 62083 | Vaults:4 | Reached skill level 16 in Transmutations
 62485 | Lair:5   | Identified the -2 shield of the Insatiable Dreams {*Slow rF+ rN++} (You acquired it on level 5 of the Lair of Beasts)
 63697 | Vaults:4 | Reached skill level 1 in Shields
 63789 | Vaults:4 | Reached skill level 2 in Shields
 63971 | Vaults:4 | Reached skill level 3 in Shields
 64515 | Elf:3    | Entered Level 3 of the Elven Halls
 64541 | Elf:3    | Reached skill level 4 in Shields
 64590 | Elf:3    | Reached skill level 5 in Shields
 64622 | Elf:3    | Reached skill level 6 in Shields
 64693 | Elf:3    | Reached XP level 22. HP: 247/247 MP: 19/37
 64805 | Elf:3    | Reached skill level 7 in Shields
 64950 | Elf:3    | Reached skill level 8 in Shields
 65083 | Elf:3    | Identified the amulet "Otsug" {+Rage MR+} (You took it off a deep elf elementalist on level 3 of the Elven Halls)
 65189 | Elf:3    | Identified the Almanac of Darkness and Weightlessness
 65848 | Crypt:1  | Entered Level 1 of the Crypt
 65942 | Crypt:1  | Reached skill level 6 in Earth Magic
 66029 | Crypt:1  | Found an ancient bone altar of Kikubaaqudgha.
 66045 | Crypt:1  | Reached skill level 9 in Shields
 66117 | Crypt:1  | Found a basalt altar of Yredelemnul.
 67108 | Crypt:2  | Noticed theanonym's ghost (veteran TeAs)
 67145 | Crypt:2  | Killed theanonym's ghost
 67200 | Crypt:2  | Reached skill level 7 in Earth Magic
 67718 | Crypt:3  | Entered Level 3 of the Crypt
 67824 | Crypt:3  | Noticed Jory
 67840 | Crypt:3  | Killed Jory
 68263 | Elf:2    | You paid a toll of 7 potions of haste to enter a treasure trove
 68264 | Trove    | Entered a treasure trove
 68267 | Trove    | Got a glittering lapis lazuli ring
 68269 | Trove    | Got a faintly glowing bone ring
 68276 | Trove    | Got a brightly glowing ruby amulet
 68278 | Trove    | Got a heavily runed pewter amulet
 68284 | Trove    | Got an ancient pewter ring
 68286 | Trove    | Got a steaming ruby amulet
 68291 | Trove    | Got a glittering gossamer ring
 68295 | Trove    | Got a shimmering glass ring
 68309 | Elf:2    | Identified the ring "Faom" {+Fly Str+3} (You found it in a treasure trove)
 68310 | Elf:2    | Identified the ring "Tonkaeso" {+Fly rF+} (You found it in a treasure trove)
 68311 | Elf:2    | Identified the amulet "Javvoir" {RegenMP Int+6} (You found it in a treasure trove)
 68312 | Elf:2    | Identified the amulet of Fighting Over It {+Rage Int+6 Dex+3} (You found it in a treasure trove)
 68313 | Elf:2    | Identified the amulet "Ziev" {Faith rF- Str+8} (You found it in a treasure trove)
 68314 | Elf:2    | Identified the ring of Obsession {rPois MR+ Str+8} (You found it in a treasure trove)
 68316 | Elf:2    | Identified the ring of Teari {rPois rN+ SInv Stlth+} (You found it in a treasure trove)
 68329 | Elf:2    | Identified the ring of the Scavenger {rPois rN+} (You found it in a treasure trove)
 69027 | Crypt:3  | Found a basalt altar of Yredelemnul.
 69033 | Crypt:3  | Reached skill level 21 in Fighting
 69054 | Crypt:3  | Reached XP level 23. HP: 260/260 MP: 35/38
 69250 | Crypt:3  | Identified the Handbook of Lethal Displacement
 69305 | Crypt:3  | Noticed Boris
 69320 | Crypt:3  | Killed Boris
 69717 | Crypt:3  | Reached skill level 17 in Transmutations
 69745 | Crypt:3  | Found a staircase to the Tomb.
 69745 | Crypt:3  | Noticed a greater mummy
 69751 | Crypt:3  | Killed a greater mummy
 69751 | Crypt:3  | Reached skill level 20 in Unarmed Combat
 70065 | Crypt:3  | HP: 140/339 [??? (34)]
 70328 | Crypt:3  | Identified the Disquisition on Sinister Secrets
 70354 | Crypt:3  | Got a clouded gossamer ring
 70837 | Shoals:3 | HP: 189/393 [merfolk/glaive (16)]
 71141 | Elf:1    | Bought a scroll of identify for 34 gold pieces
 71141 | Elf:1    | Identified the ring of Pyfu {*Tele Dex+4} (You found it on level 3 of the Crypt)
 71785 | Shoals:3 | Found the +5 robe of Night {Dark MR+ SInv}
 71933 | Shoals:4 | Entered Level 4 of the Shoals
 72047 | Shoals:4 | Noticed Ilsuiw
 72062 | Shoals:4 | Killed Ilsuiw
 72062 | Shoals:4 | Reached skill level 6 in Air Magic
 72105 | Shoals:4 | Reached skill level 7 in Charms
 72131 | Shoals:4 | Learned a level 3 spell: Lesser Beckoning
 72345 | Shoals:4 | Reached skill level 12 in Spellcasting
 72397 | Shoals:4 | Got a barnacled rune of Zot
 72736 | Shoals:4 | Reached skill level 7 in Air Magic
 73251 | Depths:1 | Entered Level 1 of the Depths
 73251 | Depths:1 | Found a gateway to Hell.
 73262 | Depths:1 | Reached XP level 24. HP: 273/273 MP: 20/39
 73271 | Depths:1 | HP: 199/409 [spark wasp (21)]
 73272 | Depths:1 | Reached skill level 8 in Charms
 73281 | D:15     | HP: 128/409 [spark wasp simulacrum (17)]
 73685 | Depths:1 | Reached skill level 8 in Air Magic
 73760 | Depths:1 | Reached skill level 9 in Charms
 73917 | Depths:1 | Reached skill level 9 in Air Magic
 74458 | Depths:2 | Reached skill level 10 in Charms
 74462 | Depths:2 | Noticed Thaneod's ghost (adept DEFE)
 74489 | Depths:2 | Killed Thaneod's ghost
 75019 | Depths:2 | Reached skill level 22 in Fighting
 75049 | Depths:2 | Found Ruilout's Gadget Shop.
 75050 | Depths:2 | Found Witiotaf's Jewellery Shoppe.
 75051 | Depths:2 | Found Senifo's Gadget Shop.
 75164 | Depths:2 | HP: 204/409 [hell knight/battleaxe of distortion (4)]
 75297 | Depths:2 | Reached skill level 13 in Spellcasting
 75304 | Depths:2 | Learned a level 5 spell: Aura of Abjuration
 75365 | Depths:2 | HP: 197/409 [deep elf high priest/divine providence (11)]
 75370 | Depths:2 | HP: 101/409 [iron dragon/spray of metal splinters (6)]
 75375 | Depths:2 | Reached skill level 10 in Air Magic
 75738 | Depths:2 | Noticed a caustic shrike
 75741 | Depths:2 | Noticed a caustic shrike
 75741 | Depths:2 | Killed a caustic shrike
 75742 | Depths:2 | Noticed a caustic shrike
 75742 | Depths:2 | Noticed a caustic shrike
 75747 | Depths:2 | Killed a caustic shrike
 75748 | Depths:2 | Noticed a caustic shrike
 75750 | Depths:2 | Killed a caustic shrike
 75750 | Depths:2 | Reached XP level 25. HP: 282/282 MP: 36/40
 75755 | Depths:2 | HP: 187/423 [caustic shrike (29)]
 75760 | Depths:2 | HP: 143/423 [air elemental[a spriggan air mage] (4)]
 75765 | Depths:2 | Learned a level 1 spell: Apportation
 75783 | Depths:2 | HP: 197/423 [rakshasa/long sword (1)]
 75797 | Depths:2 | Reached skill level 1 in Translocations
 75800 | Depths:2 | HP: 166/423 [caustic shrike (12)]
 75802 | Depths:2 | Reached skill level 2 in Translocations
 75809 | Depths:2 | HP: 127/423 [hell knight/halberd of draining (11)]
 75818 | Depths:2 | HP: 164/423 [caustic shrike (18)]
 76165 | Depths:2 | Reached skill level 3 in Translocations
 76204 | Depths:2 | Noticed a juggernaut
 76213 | Depths:2 | Killed a juggernaut
 76213 | Depths:2 | Reached skill level 4 in Translocations
 76224 | Depths:2 | Noticed a juggernaut
 76235 | Depths:2 | Killed a juggernaut
 76235 | Depths:2 | Reached skill level 5 in Translocations
 76532 | Depths:2 | Got a warped amber ring
 76667 | Depths:2 | Reached skill level 18 in Transmutations
 76935 | Depths:2 | Found a gateway to a ziggurat.
 77013 | Depths:2 | Reached skill level 23 in Fighting
 77291 | Depths:3 | Identified the ring "Alat" {Str+3 Int+3 Dex+4} (You took it off a necromancer on level 2 of the Depths)
 77338 | Depths:3 | Reached XP level 26. HP: 297/297 MP: 40/40
 77413 | Depths:3 | Found a glowing golden altar of the Shining One.
 77465 | Depths:3 | Found a one-way gate leading to the halls of Pandemonium.
 77713 | Depths:4 | Reached skill level 21 in Unarmed Combat
 77808 | Depths:4 | HP: 220/445 [caustic shrike (24)]
 77812 | Depths:4 | HP: 101/445 [spriggan defender/flail of crushing (20)]
 77817 | Depths:4 | HP: 99/445 [frost giant/bolt of cold (24)]
 77829 | Depths:4 | HP: 121/445 [deep troll shaman (5)]
 77835 | Depths:4 | HP: 138/445 [deep elf high priest/divine providence (9)]
 77841 | Depths:4 | HP: 150/445 [fire giant/bolt of fire (13)]
 77850 | Depths:4 | HP: 192/448 [centaur warrior/arrow (5)]
 77857 | Depths:4 | HP: 201/448 [ice dragon (6)]
 77864 | Depths:4 | HP: 203/448 [centaur warrior (9)]
 77869 | Depths:4 | HP: 178/448 [ice dragon (9)]
 78182 | Depths:4 | Found a one-way gate to the infinite horrors of the Abyss.
 78248 | Depths:4 | Reached skill level 24 in Fighting
 78869 | Depths:5 | Entered Level 5 of the Depths
 78896 | Depths:5 | Reached skill level 1 in Summonings
 78950 | Depths:5 | Reached skill level 2 in Summonings
 79008 | Depths:5 | Noticed Saint Roka
 79023 | Depths:5 | Killed Saint Roka
 79030 | Depths:5 | Reached skill level 19 in Transmutations
 79058 | Depths:5 | Reached skill level 3 in Summonings
 79092 | Depths:5 | Found Feqo's Weapon Shoppe.
 79096 | Depths:5 | Found Jeuxuw's Jewellery Emporium.
 79159 | Depths:5 | Reached skill level 4 in Summonings
 79529 | Depths:5 | Reached skill level 5 in Summonings
 79535 | Depths:5 | Reached XP level 27. HP: 310/310 MP: 31/40
 79569 | Depths:5 | Found a gate to the Realm of Zot.
 80256 | Elf:3    | Learned a level 9 spell: Tornado
 80678 | Vaults:5 | Entered Level 5 of the Vaults
 80685 | Vaults:5 | Reached skill level 14 in Spellcasting
 80699 | Vaults:5 | Noticed an ancient lich
 80705 | Vaults:5 | Killed an ancient lich
 80731 | Vaults:5 | Reached skill level 11 in Air Magic
 80748 | Vaults:5 | Reached skill level 22 in Unarmed Combat
 80754 | Vaults:5 | Noticed Leszczynek's ghost (adept DDFi)
 80756 | Vaults:5 | Reached skill level 25 in Fighting
 80767 | Vaults:5 | Noticed an ancient lich
 80789 | Vaults:5 | Killed an ancient lich
 80802 | Vaults:5 | Reached skill level 12 in Air Magic
 80842 | Vaults:5 | Killed Leszczynek's ghost
 80986 | Vaults:5 | Found the +3 pair of gauntlets of War {Slay+5}
 81080 | Vaults:5 | Learned a level 6 spell: Invisibility
 81212 | Vaults:5 | Identified the Guide on Enchanting Enhancements
 81377 | Vaults:5 | Identified the Almanac of Pantheism
 81448 | Vaults:5 | Got a wavering ivory amulet
 81449 | Vaults:5 | Identified the amulet "Okhlaxutt" {Reflect -Tele Str+3 Int+2 Dex+4 SH+4} (You found it on level 5 of the Vaults)
 81630 | Vaults:5 | Got a silver rune of Zot
 82250 | Zot:1    | Entered Level 1 of the Realm of Zot
 82270 | Zot:1    | Reached skill level 6 in Hexes
 82394 | Zot:1    | Reached skill level 7 in Hexes
 82435 | Zot:1    | Reached skill level 8 in Hexes
 82496 | Zot:1    | Identified the amulet of Zam Roisemn {Regen+ Int+5 Dex-4 SInv Stlth+} (You acquired it on level 1 of the Realm of Zot)
 82581 | Zot:1    | Reached skill level 9 in Hexes
 83076 | Zot:2    | Reached skill level 10 in Hexes
 83076 | Zot:2    | HP: 228/471 [??? (184)]
 83077 | Zot:2    | HP: 111/471 [green draconian scorcher/rapier (7)]
 83083 | Zot:1    | HP: 63/471 [shadow dragon (11)]
 83421 | Zot:2    | HP: 175/471 [??? (140)]
 83426 | Zot:2    | HP: 178/471 [poisoned by a golden dragon (blast of poison)]
 83429 | Zot:2    | Reached skill level 11 in Hexes
 83431 | Zot:2    | HP: 198/471 [poisoned by a golden dragon (blast of poison)]
 83437 | Zot:2    | HP: 202/471 [poisoned by a golden dragon (blast of poison)]
 83444 | Zot:2    | HP: 208/471 [poisoned by a golden dragon (blast of poison)]
 83451 | Zot:2    | HP: 215/471 [poisoned by a golden dragon (blast of poison)]
 83459 | Zot:2    | HP: 223/471 [poisoned by a golden dragon (blast of poison)]
 83919 | Zot:2    | Reached skill level 13 in Air Magic
 84257 | Zot:3    | Reached skill level 12 in Hexes
 84481 | Zot:3    | Noticed an orb of fire
 84534 | Zot:3    | Reached skill level 23 in Unarmed Combat
 85453 | Zot:3    | Noticed an orb of fire
 85456 | Zot:3    | Gained mutation: Your body sometimes deteriorates upon taking damage. [an orb of fire]
 85461 | Zot:3    | Killed an orb of fire
 85509 | Zot:3    | Killed an orb of fire
 85509 | Zot:3    | Reached skill level 14 in Air Magic
 85637 | Zot:3    | Found a transporter.
 85644 | Zot:3    | Found a transporter.
 85731 | Zot:3    | HP: 229/471 [tentacled monstrosity (7)]
 85734 | Zot:3    | HP: 112/471 [yellow draconian/battleaxe (25)]
 85739 | Zot:3    | HP: 85/471 [tentacled monstrosity (2)]
 85743 | Zot:3    | HP: 40/471 [yellow draconian/battleaxe (19)]
 85744 | Zot:3    | HP: 12/471 [storm dragon/bolt of lightning (36)]
 85745 | Zot:3    | Slain by a Killer Klown

Vanquished Creatures
  2 orbs of fire (Zot:3)
  2 ancient liches (Vaults:5)
  2 juggernauts (Depths:2)
  Frederick (Vaults:3)
  A greater mummy (Crypt:3)
  Boris (Crypt:3)
  The ghost of theanonym the Warrior, a veteran TeAs of Uskayaw (Crypt:2)
  Saint Roka (Depths:5)
  10 caustic shrikes
  3 Killer Klowns (Zot:2)
  14 golden dragons
  2 curse toes
  Jory (Crypt:3)
  A bone dragon (Crypt:3)
  A profane servitor (Crypt:3)
  Jorgrun (Spider:2)
  11 tentacled monstrosities
  2 electric golems (Zot:1)
  A hellephant (Zot:2)
  The ghost of Leszczynek the Severer, an adept DDFi of Makhleb (Vaults:5)
  8 liches
  4 titans
  2 deep elf blademasters (Elf:3)
  5 quicksilver dragons
  4 sphinxes
  2 deep elf master archers (Elf:3)
  A kraken (Shoals:3)
  4 death cobs
  An ancient champion (Crypt:1)
  15 shadow dragons
  Ilsuiw (Shoals:4)
  Kirke (Shoals:1)
  Donald (Elf:1)
  A revenant (Crypt:2)
  7 storm dragons
  8 tengu reavers
  4 draconian monks
  The ghost of Thaneod the Eclecticist, an adept DEFE of Vehumet (Depths:2)
  9 frost giants
  6 iron dragons
  10 fire giants
  A daeva (Depths:3)
  5 deep elf sorcerers
  16 vault wardens
  2 draconian scorchers
  4 curse skulls
  11 emperor scorpions
  6 ghost moths
  2 draconian stormcallers (Zot:1)
  4 draconian annihilators
  A draconian shifter (Depths:5)
  8 deep elf elementalists
  2 entropy weavers
  24 stone giants
  8 ironheart preservers
  12 ghouls
  3 spriggan defenders
  A war gargoyle (Vaults:5)
  23 very ugly things
  5 vampire knights
  A stone giant (shapeshifter) (Depths:4)
  3 black draconians
  3 white draconians (Zot:3)
  15 green draconians
  2 dire elephants (Zot:2)
  A yellow draconian (Zot:2)
  10 deep elf annihilators
  4 deep elf demonologists (Elf:3)
  5 purple draconians
  6 red draconians
  9 spark wasps
  A small abomination (Vaults:5)
  5 merfolk javelineers
  12 eidola
  7 deep elf death magi
  13 ettins
  A minotaur (Lab)
  10 fire dragons
  The ghost of Dustman the Carver, a journeyman HuGl of Cheibriados (D:11)
  11 merfolk impalers
  20 yaktaur captains
  12 great orbs of eyes
  Fannar (Lair:2)
  9 deep elf high priests
  9 rakshasas
  8 ice dragons
  3 jiangshi
  3 catoblepae (Lair:6)
  29 vault guards
  A spriggan air mage (Depths:2)
  The ghost of theanonym the Grappler, a novice OgTm of Gozag (D:7)
  A quicksilver dragon skeleton (Depths:2)
  10 hydras
  3 merfolk aquamancers
  4 merfolk avatars
  7 death knights
  14 ogre magi
  27 dancing weapons
  Erica (D:10)
  13 centaur warriors
  7 deep troll shamans
  46 two-headed ogres
  5 satyrs (Shoals:4)
  The ghost of sithsevirus the Grasshopper, a novice GnWn of Okawaru (D:8)
  7 death yaks (Lair:6)
  13 deep troll earth magi
  5 tengu warriors
  3 vampire magi
  2 titan zombies
  5 spriggan berserkers
  A storm dragon zombie (Crypt:3)
  Nergalle (Lair:1)
  22 skeletal warriors
  Sonja (D:10)
  21 deep elf knights
  A fire crab (shapeshifter) (Vaults:1)
  6 unseen horrors
  A storm dragon skeleton (Crypt:2)
  A shadow wraith (Vaults:4)
  7 sea snakes
  An unseen horror (shapeshifter) (Depths:4)
  33 deep trolls
  A salamander mystic (Depths:4)
  3 iron trolls
  A swamp dragon (Lair:6)
  A ghost moth zombie (Crypt:2)
  31 hell knights
  3 wizards
  A death drake (shapeshifter) (Depths:4)
  A glowing orange brain (shapeshifter) (Vaults:5)
  5 flayed ghosts
  A golden dragon zombie (Crypt:3)
  A deep troll (shapeshifter) (Depths:1)
  2 glowing orange brains
  8 lindwurms
  A shadow dragon zombie (Crypt:3)
  23 phantasmal warriors
  An orange crystal statue (Zot:3)
  A lindwurm (shapeshifter) (Elf:3)
  11 deep elf archers
  13 harpies
  13 necromancers
  23 orc knights
  3 large abominations
  17 ironbrand convokers
  67 deep elf magi
  17 orb spiders
  52 ugly things
  9 cyclopes
  32 wolf spiders
  A frost giant zombie (Crypt:3)
  17 manticores
  A salamander (shapeshifter) (D:14)
  5 orc sorcerers
  2 salamanders (Depths:4)
  A shadow dragon skeleton (Depths:2)
  27 fauns
  22 moths of wrath
  A cyclops (shapeshifter) (D:14)
  A moth of wrath (shapeshifter) (Depths:4)
  A water nymph (shapeshifter) (Depths:4)
  A spriggan zombie (Depths:2)
  14 merfolk sirens
  Maurice (D:11)
  2 centaur zombies
  3 black mambas
  12 elephants
  An ice statue (IceCv)
  5 water nymphs
  6 gargoyles
  An eye of devastation (shapeshifter) (D:15)
  18 vault sentinels
  A dire elephant zombie (Crypt:2)
  A hellion (Depths:4)
  4 torpor snails
  The ghost of soepske the Stinger, a novice GnVM of Sif Muna (D:4)
  4 spiny frogs
  5 spectral swamp worms (Depths:2)
  49 yaktaurs
  5 rime drakes
  17 komodo dragons
  11 demonic crawlers
  3 kobold demonologists
  28 freezing wraiths
  A hydra zombie (Crypt:3)
  A troll (shapeshifter) (Vaults:3)
  A death yak skeleton (Crypt:2)
  3 tengu conjurers
  A red devil (Depths:4)
  A red draconian skeleton (Crypt:2)
  45 merfolk
  A guardian mummy (Crypt:3)
  A queen ant zombie (Crypt:1)
  6 meliai
  2 meliai (shapeshifter)
  5 wind drakes
  A queen bee (shapeshifter) (Depths:1)
  18 trolls
  A jumping spider (shapeshifter) (Elf:3)
  3 queen bees
  20 jumping spiders
  4 polar bears
  11 hornets
  A tengu simulacrum (Vaults:1)
  13 hippogriffs
  A blink frog (shapeshifter) (Vaults:5)
  An ice dragon zombie (Crypt:3)
  An alligator zombie (Crypt:3)
  A bog body (Crypt:1)
  A frost giant simulacrum (Vaults:1)
  22 dream sheep
  A fire giant simulacrum (Vaults:3)
  43 slime creatures
  12 snapping turtles
  A dream sheep (shapeshifter) (Depths:5)
  6 air elementals
  61 redbacks
  A spriggan (shapeshifter) (Vaults:1)
  3 flying skulls (Crypt:1)
  A shadow (Crypt:1)
  An ettin zombie (Crypt:3)
  A redback (shapeshifter) (Elf:2)
  5 spriggans (Depths:2)
  12 wraiths
  22 tarantellas
  20 water elementals
  8 wyverns
  A yak (shapeshifter) (D:13)
  5 vampires
  8 humans (Zot:2)
  A fire bat (shapeshifter) (Depths:2)
  A tarantella (shapeshifter) (Vaults:5)
  2 wyverns (shapeshifter)
  An ushabti (Crypt:3)
  3 fire bats (Lair:6)
  4 hogs (Shoals:1)
  Grum (D:11)
  5 fire elementals
  5 hungry ghosts
  A basilisk (shapeshifter) (Vaults:4)
  11 basilisks
  29 yaks
  A tyrant leech zombie (Crypt:2)
  11 vampire mosquitoes
  An elf skeleton (Depths:2)
  5 steam dragons
  A death yak simulacrum (IceCv)
  6 wargs
  A swamp worm (shapeshifter) (Vaults:5)
  3 soldier ants
  14 water moccasins
  2 spiny frog zombies (Crypt:3)
  A hell hound (Depths:4)
  4 acid dragons
  A floating eye (Depths:4)
  A deep troll skeleton (Vaults:1)
  A floating eye (shapeshifter) (Elf:3)
  A black bear (D:9)
  9 ice beasts
  10 porcupines
  67 orc warriors
  4 sky beasts
  2 swamp drakes (Lair:6)
  An ettin simulacrum (Vaults:3)
  A hornet zombie (D:15)
  A manticore zombie (Crypt:3)
  16 necrophages
  A dream sheep zombie (Crypt:2)
  2 eyes of draining
  An eye of draining (shapeshifter) (Vaults:4)
  8 wolves
  11 boggarts
  3 phantoms
  49 ogres
  32 centaurs
  A human skeleton (Vaults:1)
  A hog skeleton (Crypt:1)
  16 crocodiles
  A bullfrog (shapeshifter) (Depths:4)
  14 bullfrogs
  6 big kobolds
  A glowing shapeshifter simulacrum (Vaults:3)
  An earth elemental (Elf:1)
  9 wyvern skeletons
  A water moccasin skeleton (D:6)
  35 scorpions
  A human simulacrum (Vaults:3)
  An orc simulacrum (Vaults:1)
  An elephant simulacrum (IceCv)
  9 wights
  An electric eel (Spider:4)
  74 killer bees
  6 howler monkeys
  5 crimson imps
  A bullfrog zombie (D:11)
  A wyvern simulacrum (D:14)
  9 jellies
  2 quasits
  2 draconian simulacra (IceCv)
  7 hounds
  Crazy Yiuf (D:4)
  26 orc wizards
  A gnoll shaman (D:10)
  41 orc priests
  A bullfrog skeleton (D:6)
  5 centaur skeletons
  16 iguanas
  Ijyb (D:3)
  3 spriggan simulacra (IceCv)
  10 worker ants
  4 troll simulacra (IceCv)
  2 wolf simulacra (IceCv)
  A killer bee zombie (D:7)
  A deep dwarf zombie (Crypt:2)
  5 centaur simulacra (IceCv)
  2 hound zombies
  A hound skeleton (D:9)
  A mummy (Crypt:3)
  4 worker ant zombies
  11 gnolls
  2 howler monkey skeletons
  2 naga simulacra (IceCv)
  4 ogre simulacra (IceCv)
  18 adders
  A scorpion zombie (Crypt:1)
  6 shadow imps
  25 white imps
  11 oozes
  2 adder skeletons
  3 worms
  A dart slug (D:3)
  3 leopard geckos
  142 orcs
  10 bats
  7 giant cockroaches
  11 goblins
  4 hobgoblins
  13 jackals
  27 kobolds
  2 quokkas
  A river rat zombie (Crypt:2)
  5 frilled lizards
  A gnoll zombie (Crypt:1)
  2 jackal skeletons
  A quokka zombie (D:6)
  9 rats
  A bush (Bazaar)
  3 crawling corpses (Vaults:5)
  3 plants
  A tentacle (Shoals:3)
  4 withered plants (Crypt:3)
2775 creatures vanquished.

Vanquished Creatures (collateral kills)
  A satyr (Shoals:3)
  A yak (Lair:6)
  4 orcs (Orc:2)
6 creatures vanquished.

Vanquished Creatures (others)
  A fire giant (Depths:1)
  A draconian stormcaller (Zot:2)
  A merfolk impaler (Depths:3)
  A harpy (Shoals:2)
  A merfolk siren (Shoals:1)
  A human (Shoals:1)
  A hornet (Depths:2)
  A spriggan (Depths:2)
  A vampire (Vaults:2)
  A soldier ant (shapeshifter) (Depths:2)
  An ogre (Vaults:3)
  A boggart (Depths:2)
  2 centaurs
  A jelly (D:6)
  A ball lightning (Elf:3)
  A leopard gecko (D:6)
  A crawling corpse (Depths:2)
  10 fungi
  47 plants
  8 tentacles
  8 toadstools (D:2)
  A withered plant (Crypt:3)
92 creatures vanquished.

Grand Total: 2873 creatures vanquished

Table legend:
 A = Turns spent in this place as a percentage of turns spent in the entire game.
 B = Non-inter-level travel turns spent in this place as a percentage of non-inter-level travel turns spent in the entire game.
 C = Inter-level travel turns spent in this place as a percentage of turns spent in this place.
 D = Turns resting spent in this place as a percentage of non-inter-level travel turns spent in this place.
 E = Turns spent auto-exploring this place as a percentage of non-inter-level travel turns spent in this place.
 F = Non-inter-level travel turns spent in this place divided by the number of levels of this place that you've seen.
                   A       B       C       D       E      F
               +-------+-------+-------+-------+-------+----------------------
         Total | 100.0 | 100.0 |  12.2 |  29.3 |  48.5 | 1368.4
       Dungeon |  31.7 |  30.1 |  16.8 |  30.9 |  51.2 | 1508.0
        Temple |   0.0 |   0.0 |  40.0 |   0.0 |   0.0 |   9.0
          Lair |  14.3 |  14.8 |   9.7 |  31.2 |  49.7 | 1850.7
        Shoals |   6.1 |   6.5 |   6.5 |  34.7 |  36.9 | 1229.5
   Spider Nest |   9.5 |  10.5 |   3.3 |  42.1 |  39.5 | 1967.0
  Orcish Mines |   5.2 |   5.1 |  15.3 |  44.1 |  34.5 | 1901.0
   Elven Halls |   5.5 |   5.2 |  17.7 |  13.6 |  56.2 | 1296.7
        Vaults |  10.6 |  10.0 |  16.6 |  19.9 |  56.2 | 1510.6
         Crypt |   4.6 |   4.8 |   7.8 |  10.1 |  63.8 | 1216.0
        Depths |   7.6 |   7.9 |   9.7 |  22.9 |  47.1 | 1184.2
           Zot |   3.1 |   3.4 |   5.0 |  23.4 |  49.9 | 848.7
     Labyrinth |   0.2 |   0.2 |   0.0 |  17.1 |   0.0 | 129.0
        Bazaar |   0.1 |   0.1 |   0.0 |   0.0 |  67.7 |  65.0
         Trove |   0.1 |   0.1 |   0.0 |   0.0 |  48.8 |  43.0
      Ice Cave |   1.3 |   1.5 |   0.0 |  46.7 |  20.7 | 1147.0
               +-------+-------+-------+-------+-------+----------------------
